 Dungeon Crawl Stone Soup version 0.29-a0-356-g7bc237e783 (webtiles) character file.

Game seed: 10007997197016303313

51 klau3 the Skirmisher (level 3, -1/41 HPs)
             Began as an Ogre Berserker on Apr 26, 2022.
             Was a Believer of Trog.
             Killed from afar by an orc wizard (9 damage)
             ... with a puff of flame
             ... on level 2 of the Dungeon.
             The game lasted 00:06:00 (1548 turns).

klau3 the Skirmisher (Ogre Berserker)               Turns: 1548, Time: 00:06:08

Health: -1/41      AC:  3    Str: 23    XL:     3   Next: 81%
Magic:  3/3        EV: 10    Int:  8    God:    Trog [**....]
Gold:   124        SH:  0    Dex:  8    Spells: 2/2 levels left

rFire   . . .      SeeInvis .   a - +0 hand axe
rCold   . . .      Faith    .   (no shield)
rNeg    . . .      Spirit   .   b - +0 animal skin
rPois   .          Reflect  .   (helmet restricted)
rElec   .          Harm     .   (no cloak)
rCorr   .          Rampage  .   (gloves unavailable)
Will    .....                   (boots unavailable)
Stlth   +.........              (no amulet)
HPRegen 0.13/turn               (no ring)
MPRegen 0.08/turn               (no ring)

@: no status effects
A: large, unfitting armour, tough skin 1
a: Renounce Religion, Berserk, Trog's Hand


You were on level 2 of the Dungeon.
You worshipped Trog.
Trog was pleased with you.
You visited 1 branch of the dungeon, and saw 2 of its levels.

You collected 124 gold pieces.

Inventory:

Hand Weapons
 a - a +0 hand axe (weapon)
 f - a +0 mace
 h - a +0 mace
 i - a +0 whip
 l - a +0 dagger
Missiles
 k - 14 stones (quivered)
Armour
 b - a +0 animal skin (worn)
 c - a +0 pair of gloves
Magical Staves
 o - a staff of death
Scrolls
 d - 4 scrolls of identify {unknown}
 g - a scroll of silence {unknown}
Potions
 e - a potion of degeneration {unknown}
 j - a potion of curing {unknown}
 m - a potion of brilliance {unknown}
 n - a potion of ambrosia {unknown}


   Skills:
 + Level 4.9 Fighting
 + Level 3.5 Axes
 + Level 3.1 Dodging
 + Level 0.5 Stealth


You had 2 spell levels left.
You didn't know any spells.
Your spell library contained the following spells:

 Spells                   Type           Power      Damage    Failure   Level
 Sandblast                Erth           0%         2d4       41%         1
 Passwall                 Tmut/Erth      0%         N/A       54%         2
 Stone Arrow              Conj/Erth      0%         3d7       78%         3


Dungeon Overview and Level Annotations

Branches:
Dungeon (2/15)

Altars:


Innate Abilities, Weirdness & Mutations

You are too large for most types of armour.
You have tough skin. (AC +1)


Message History

Press: ? - help, Q - select action, (/) - cycle Shift-Dir - straight line, f - frilled lizard
Aim: a frilled lizard (35% to hit)
You throw a stone. The stone hits the frilled lizard.
The frilled lizard is severely wounded.
Throw: 15 stones
Press: ? - help, Q - select action, (/) - cycle Shift-Dir - straight line, f - orc, p - frilled lizard
Aim: an orc, wielding a +0 flail (56% to hit)
You throw a stone.
The stone barely misses the frilled lizard.
The stone hits the orc.
The orc is moderately wounded.
The frilled lizard barely misses you.
You hit the frilled lizard.
You kill the frilled lizard!
Trog accepts your kill.
You hit the orc.
The orc is almost dead.
The orc hits you with a +0 flail.
You closely miss the orc.
The orc is almost dead.
You miss something. The orc barely misses you. Something hits you.
You barely miss the orc.
The orc is almost dead.
You miss something. The orc hits you with a +0 flail!
You hear some strange, mumbled words.
A puff of flame appears from out of thin air!
The puff of flame hits you!
* * * LOW HITPOINT WARNING * * *
You slash the orc!
You kill the orc!
Trog accepts your kill.
You barely miss something. You hit the orc.
Something hits you but does no damage. The orc misses you.
You barely miss the orc.
The orc is heavily wounded.
You barely miss something.
You hear some strange, mumbled words.
A puff of flame appears from out of thin air!
The puff of flame hits you!
You die...

...................)......#
.......................#
...................##.#
...................... ..
##....###.#.....#.#. ...
#....# #.#.....#.#.
....##....###.#..##.#.#.
..............#.......#.
.#....@).....#..##.##..
#......o{.....#...#..'..
+.................####..
#.........(.............
........................
....#............#.###..
....#...###.............
... ##### #....####.##..
##.........#..


You could see an orc.

Vanquished Creatures
  An adder (D:2)
  A dart slug (D:1)
  An orc (D:2)
  3 endoplasms
  A giant cockroach (D:1)
  3 goblins
  8 hobgoblins
  5 jackals (D:1)
  2 quokkas (D:1)
  3 ball pythons (D:1)
  A bat (D:1)
  3 frilled lizards (D:2)
  2 rats (D:2)
34 creatures vanquished.

Notes
Turn   | Place    | Note
-------+----------+-------------------------------------------
     0 | D:1      | klau3 the Ogre Berserker began the quest for the Orb.
     0 | D:1      | Reached XP level 1. HP: 24/24 MP: 1/1
   189 | D:1      | Found a faded altar of an unknown god.
   315 | D:1      | Reached XP level 2. HP: 18/32 MP: 2/2
  1055 | D:2      | Reached XP level 3. HP: 30/40 MP: 3/3
  1110 | D:2      | Reached ** piety under Trog
  1548 | D:2      | Killed from afar by an orc wizard

Illustrated notes

Levels and vault maps discovered:
D:1:      dpeg_arrival_oval, layout_loops_ring,
          hellmonk_ecumenical_altar_inner_sanctum
D:2:      layout_basic

Skill      XL: |  1  2 |
---------------+-------+-----
Dodging        | 3 |  3.1
Fighting       | |  4.9
Axes           | |  3.5
Stealth        | |  0.5

Action                   || total
-------------------------++-------
Melee: Hand axe          ||   106
Throw: Stone             ||     2
 Stab: Sleeping          ||     1
Armor: Animal skin       ||    18
Dodge: Dodged            ||    78

Table legend: (Time is in decaauts)
 A = Elapsed time spent in this place.
 B = Non-inter-level travel time spent in this place.
 C = Inter-level travel time spent in this place.
 D = Time resting spent in this place.
 E = Time spent auto-exploring this place.
 F = Levels seen in this place.
 G = Mean time per level.
                   A        B        C        D        E       F      G
               +--------+--------+--------+--------+--------+-----+--------+
         Total |   1561 |    546 |   1015 |      0 |     65 |   2 |  780.5 |
       Dungeon |   1561 |    546 |   1015 |      0 |     65 |   2 |  780.5 |
               +--------+--------+--------+--------+--------+-----+--------+

Top non-repeatable levels by time:
     D:1: 1052 daAuts
     D:2: 508 daAuts
